[Event "*** Titled Tuesday Blitz"]
[Site "Chess.com"]
[Date "2019.07.02"]
[Round "8"]
[White "Everyfishknows"]
[Black "TheBigBadChessDad"]
[Result "0-1"]
[WhiteElo "2285"]
[BlackElo "2306"]
[TimeControl "180+2"]
[EndTime "14:51:29 PDT"]
[Termination "TheBigBadChessDad won by resignation"]

1. Nf3 d5 2. c4 e6 3. b3 Nf6 4. g3 c6 5. Bg2 Nbd7 6. O-O Bd6 7.
Bb2 Qe7 8. d4 Ne4 9. Nc3 f5 10.
e3 Qf6 11. Nd2 O-O 12. f3 Nxc3 13. Bxc3 Qh6 14. Qe2 dxc4 15. Nxc4 Bc7 16. e4 Nf6 17. Rad1 Bd7 18. Ne5 fxe4 19. fxe4 Be8 20. Bb4 Bh5 21. Bf3 Bxf3 22. Rxf3 Rfe8 23. Rdf1 Rad8 24. Rxf6 gxf6 25. Ng4 Qg7 26. Nxf6+ Kh8 27. Nxe8 Qxd4+ 28. Qf2 Qxf2+ 29. Rxf2 Bb6 30. Bc3+ Kg8 31. Nf6+ Kf7 32. Kg2 Bxf2 33. Kxf2 Rd3 34. Be5 Rd2+ 35. Kf3 Rxh2 36. a4 h6 37. Ng4 Rh1 38. Kg2 Re1 39. Nxh6+ Kg6 40. Ng4 Rxe4 41. Kf3 Rb4 42. Bb8 Rxb3+ 43. Ne3 a5 44.
Bc7 Rb4 45. Bxa5 Rxa4 46. Bb6 Rb4 47. Bc5 Rb3 48. Ke4 b6 49. Bd6 c5 50. Nc4 b5 51.
Ne5+ Kf6 52. g4 c4 53. Nd7+ Kg5 54. Be7+ Kxg4 55. Nc5 Rb1 56. Nxe6 Re1+ 57. Kd5 c3 58. Bb4 c2 59. Bxe1 c1=Q 60. Bb4 Qd1+ 61. Kc5 Qe2 62.
Nd4 Qc4+ 63. Kb6 Qxb4 64. Nxb5 Kf5 65. Kc6 Qb1 66. Kc5 Ke5 67. Kc4 Qc2+ 68. Nc3 Qd2 69. Kb3 Kd4 70. Nb5+ Kc5 71. Nc3 Qd3 72. Kb2 Kc4 73.
Na4 Qb3+ 74. Ka1 Qxa4+ 75. Kb1 Qd1+ 76. Kb2 Qe2+ 77. Ka1 Qd2 78. Kb1 Kb3 0-1

[Event "*** Titled Tuesday Blitz"]
[Site "Chess.com"]
[Date "2019.07.02"]
[Round "8"]
[White "Ceejay271"]
[Black "hermionegrangermagic"]
[Result "0-1"]
[WhiteElo "2279"]
[BlackElo "2373"]
[TimeControl "180+2"]
[EndTime "14:51:46 PDT"]
[Termination "hermionegrangermagic won by resignation"]

1. d4 d5 2. c4 e6 3. Nf3 Nf6 4.
g3 Be7 5. Bg2 O-O 6. O-O dxc4 7.
Qc2 a6 8. a4 Bd7 9. Qxc4 Bc6 10. Bf4 Nbd7 11. Nc3 Rc8 12. Rfd1 Nd5 13. Ne5 Nxe5 14.
dxe5 Qe8 15. Nxd5 exd5 16. Bxd5 Bxd5 17. Rxd5 c5 18. a5 Qc6 19. Rad1 b5 20. axb6 Qxb6 21. Rd7 Rfe8 22. Bg5 Kf8 23. R1d6 Qxb2 24. Bxe7+ Rxe7 25. Rd8+ Re8 26. R6d7 Qb1+ 27. Kg2 Qg6 28. Rxe8+ Rxe8 29. Qxc5+ Kg8 30. Qd5 h6 31. Rd6 Qf5 32. f4 a5 33.
Rd7 a4 34. e4 Qh5 35. Qc4 a3 36. h3 Rf8 37. Qa2 Qg6 38. Rd4 Qb6 39. Ra4 Rd8 40.
Rxa3 Qb4 41. Re3 Rd2+ 42. Qxd2 Qxd2+ 43. Kf3 Qh2 44. h4 h5 45. Re2 Qh1+ 46. Kf2 g6 47. Re3 Qb1 48. Re2 Qd3 49. Re3 Qd4 50. Kf3 Qd1+ 51.
Kf2 Kf8 52. Re1 Qd4+ 53. Kf3 Qc3+ 54. Re3 Qc4 55. Kf2 Ke7 56. Re2 Qd4+ 57. Kf3 Qd7 58. Re3 Qa7 59. Re2 Qa3+ 60. Re3 Qa7 61. Re2 Qb7 62. Re3 Qb8 63. Re2 Qc8 64. Re3 Qh3 65. Kf2 Qh2+ 66. Kf3 Qg1 67. Re2 Qf1+ 68. Ke3 Ke6 69. Rf2 Qe1+ 70. Kf3 Qc3+ 71. Kg2 Qe3 72. Rf3 Qxe4 73. Kf2 Kf5 74. Re3 Qc2+ 75. Kf3 Qc6+ 76.
Kf2 Kg4 77. Kg1 Qc5 78. Kf2 Qxe3+ 79. Kxe3 Kxg3 80. f5 gxf5 0-1

[Event "*** Titled Tuesday Blitz"]
[Site "Chess.com"]
[Date "2019.07.02"]
[Round "8"]
[White "yoolund"]
[Black "vanea_03"]
[Result "1/2-1/2"]
[WhiteElo "2611"]
[BlackElo "2658"]
[TimeControl "180+2"]
[EndTime "14:51:50 PDT"]
[Termination "Game drawn by stalemate"]

1. d4 Nf6 2. Bg5 d5 3. Bxf6 gxf6 4. e3 c5 5. c4 dxc4 6. Bxc4 cxd4 7. Qxd4 Qxd4 8.
exd4 Bg7 9. Nc3 Nc6 10. Nge2 f5 11. Bb5 O-O 12. Bxc6 bxc6 13. O-O-O Rd8 14. d5 Bb7 15.
dxc6 Bxc6 16. f3 e6 17. Rxd8+ Rxd8 18. Rd1 Rc8 19. Nd4 Bd5 20. Nxf5 Bf6 21. Nd6 Rc6 22. Nb5 a6 23. Nd4 Rc4 24. Ne2 Rc5 25. Kb1 Bc4 26. Nd4 Be5 27. Nc2 a5 28. Ne4 Rc7 29.
b3 Bd5 30. Ne3 Bxe4+ 31. fxe4 Bxh2 32. Ng4 Bf4 33. Nf6+ Kf8 34. Nd7+ Ke7 35. Nb6 Rc6 36.
Nc4 a4 37. Kc2 axb3+ 38. axb3 e5 39. Kc3 Rg6 40. Rd5 f6 41. Rb5 h6 42. Rb7+ Kd8 43. Nd6 Rxg2 44. Kc4 Rd2 45. Kc5 Be3+ 46. Kc6 Rc2+ 47.
Kd5 Rc7 48. Rxc7 Kxc7 49. Ne8+ Kd8 50. Nxf6 Bf4 51. Nh5 Bh2 52. Ke6 Kc7 53. Kf5 Kb6 54. Kg6 Kb5 55. Kxh6 Kb4 56. Kg5 Kxb3 57. Kf5 Kc4 58.
Nf6 Kd4 59. Nd7 Bf4 60. Nf8 Ke3 61. Ng6 Bh2 62. Nxe5 Bg3 63. Nf7 Kd4 64. Nh6 Bb8 65. Ng4 Bc7 66. Nf6 Bh2 67. Nd5 Bg3 68. Nf4 Kc5 69. e5 Kc6 70. e6 Bxf4 71. Kxf4 Kd6 72. Kf5 Ke7 73. Ke5 Ke8 74. Kf6 Kf8 75.
e7+ Ke8 76. Ke6 1/2-1/2

[Event "*** Titled Tuesday Blitz"]
[Site "Chess.com"]
[Date "2019.07.02"]
[Round "8"]
[White "MarcoRiehle"]
[Black "ASargsyan1"]
[Result "1/2-1/2"]
[WhiteElo "2702"]
[BlackElo "2604"]
[TimeControl "180+2"]
[EndTime "14:52:01 PDT"]
[Termination "Game drawn by agreement"]

1. e4 c6 2. c4 d5 3. exd5 cxd5 4. cxd5 Nf6 5. Nc3 Nxd5 6. Nf3 Nc6 7. Bb5 e6 8. O-O Be7 9. d4 O-O 10. Re1 Bb4 11. Bd2 Nce7 12. Ne5 a6 13. Bd3 Nf6 14. Bg5 Ng6 15. Ne4 Be7 16. Ng3 Qxd4 17. Bxg6 Qxd1 18.
Bxf7+ Rxf7 19. Raxd1 Rf8 20. Nc4 Bc5 21. Bxf6 Rxf6 22. Ne4 Rf5 23. Nxc5 Rxc5 24. Rd8+ Kf7 25. Nb6 Rb8 26. Red1 Ke7 27. h3 Rc6 28. Nxc8+ Rbxc8 29. R1d7+ Kf6 30. Rxc8 Rxc8 31. Rxb7 Rc2 32. a4 a5 33. g3 g6 34. Rb5 h5 35. h4 Kf7 36. Kg2 Kf6 37. Kf3 Kf7 38. Ke3 Kf6 39. b3 Rb2 40. f4 Rg2 41. Kf3 Rb2 42. Ke4 Rb1 43.
Kd4 Rg1 44. Rg5 Rb1 45. Kc4 Rc1+ 46. Kb5 Rc3 47. b4 axb4 48. Kxb4 Rc1 49. a5 Rb1+ 50. Kc5 Rb3 51. a6 e5 52. Rxe5 Rxg3 53. a7 Ra3 54. Kc6 Rxa7 55. Kd5 Ra5+ 56. Ke4 Ra1 57.
Rb5 Rh1 58. Rb6+ Kg7 59. Rb7+ Kh6 60. Rb6 Rxh4 61. Kf3 Rh3+ 62. Kg2 Rh4 63. f5 Rg4+ 64. Kf3 Kg7 65. Rb7+ Kf6 66. fxg6 Kxg6 67. Rb6+ Kg5 68. Rb5+ Kh4 69. Rb1 Rg3+ 70. Kf2 Ra3 71. Kg2 Ra4 72.
Rb2 Kg4 73. Kh2 h4 74. Rg2+ Kf4 75. Kh3 Ra1 76. Rg4+ Kf3 77. Kxh4 Rh1+ 78. Kg5 Rh8 79. Ra4 Rg8+ 80. Kf5 1/2-1/2

[Event "*** Titled Tuesday Blitz"]
[Site "Chess.com"]
[Date "2019.07.02"]
[Round "8"]
[White "Colombiano07"]
[Black "Supernotar"]
[Result "0-1"]
[WhiteElo "2170"]
[BlackElo "2594"]
[TimeControl "180+2"]
[EndTime "14:52:02 PDT"]
[Termination "Supernotar won by resignation"]

1. e4 c6 2. d4 d5 3. f3 dxe4 4.
Nc3 exf3 5. Qxf3 Qxd4 6. Bd3 Nf6 7.
Be3 Qg4 8. Qf2 Nbd7 9. Nf3 Qb4 10. O-O-O Ng4 11. Qe2 Nxe3 12. Qxe3 e6 13. Kb1 Qc5 14. Qe2 Nf6 15. Rhe1 Be7 16. g4 h6 17. h3 Qb6 18.
Ne5 Bd7 19. h4 Bb4 20. Ne4 O-O-O 21. Nxf7 Nxe4 22. Qxe4 Bxe1 23. Rxe1 Rhf8 24. Nxd8 Qxd8 25. Rh1 Qf6 26. a3 Qf3 27. Qe1 Qxg4 28. Rg1 Qd4 29.
Qg3 Rf4 30. h5 Rf7 31. Qg6 Qf6 32. Qe4 e5 33. b3 Bf5 34. Qe3 Bxd3 35. Qxd3 Re7 36.
Rg6 Qf7 37. Qe3 Kb8 38. Rd6 Re8 39. Qe4 Qe7 40. Rg6 Ka8 41. Qg4 e4 42. Rxg7 Qe5 43. Qd7 Rb8 44. Re7 Qxh5 45. Kb2 Qf3 46. Qe6 h5 47. Re8 a6 48. Re7 e3 49. Qxe3 Qxe3 50.
Rxe3 Rh8 51. Rh3 h4 52. Kc3 Kb8 53. Kd4 Kc7 54. Ke4 Kd6 55. c3 Kc5 56. Kf4 a5 57.
Kg4 a4 58. bxa4 Kc4 59. a5 Kb3 60. c4+ Kxc4 61. Rh1 h3 62. Kg3 h2 63. Kg2 Rg8+ 64.
Kf2 Rf8+ 65. Kg2 Rg8+ 66. Kf2 Rh8 67. Kg2 Kb5 68. Rb1+ Kxa5 69. Kh1 b5 70. Rc1 Rh6 71. Rc3 b4 72. axb4+ Kxb4 73. Rc1 c5 74. Rb1+ Kc4 75. Rc1+ Kd5 76. Rd1+ Kc6 77. Rc1 Rh4 78. Ra1 c4 79.
Ra8 Kb5 80. Rc8 Kb4 81. Rc7 Kb3 82. Rb7+ Kc2 83. Rf7 c3 84. Rf2+ Kb3 85. Rf8 c2 86. Rb8+ Rb4 87. Rc8 Rc4 88. Rb8+ Kc3 0-1

[Event "*** Titled Tuesday Blitz"]
[Site "Chess.com"]
[Date "2019.07.02"]
[Round "8"]
[White "JustaTrickstar"]
[Black "Grischuk"]
[Result "1-0"]
[WhiteElo "2871"]
[BlackElo "3065"]
[TimeControl "180+2"]
[EndTime "14:52:52 PDT"]
[Termination "JustaTrickstar won by resignation"]

1. c4 g6 2. d4 Bg7 3. e4 d6 4. Nc3 Nf6 5. Be2 O-O 6. Be3 Na6 7. Nf3 e5 8. O-O c6 9. Qc2 Ng4 10. Bg5 Qc7 11. Rad1 d5 12. dxe5 dxe4 13. Nxe4 Bf5 14. Bf4 Nc5 15. Bd3 Nxd3 16. Qxd3 Nxe5 17. Qe2 Bg4 18. Nd6 Nxf3+ 19. gxf3 Bh3 20. Rfe1 Qb6 21.
b3 Rad8 22. Qe7 Rd7 23. Qh4 Be6 24. Ne4 Qd8 25. Qxd8 Rdxd8 26. Rxd8 Rxd8 27. Bg5 Rb8 28. Nc5 Bh3 29. Bf4 Rd8 30. Nxb7 Rd4 31. Be3 Rd7 32. Nc5 Rd8 33. Nb7 Rd7 34. Nc5 Rd8 35. Nb7 Rb8 36. Bf4 Ra8 37. Nd6 Kf8 38. c5 h6 39. Be5 a5 40. Bxg7+ Kxg7 41. Re7 Kf6 42. Rxf7+ Ke6 43. Rf4 g5 44. Rd4 Ke5 45. Rd2 a4 46. b4 a3 47.
Nf7+ Kf6 48. Nd8 Rc8 49. Rd6+ Kf5 50. Nxc6 Re8 51. Rd1 Kf4 52. Nd4 Rc8 53. c6 g4 54.
fxg4 Bxg4 55. f3 Bh3 56. Kf2 Rg8 57. Rg1 Rd8 58. Ne2+ Ke5 59. b5 Rd2 60. b6 Rxa2 61. b7 Rb2 62. Ra1 Kd6 63. Kg3 Be6 64. Nd4 Bd5 65.
Rxa3 Kc5 66. Ra4 Bxc6 67. Nxc6 Kxc6 68. Ra6+ Kxb7 69. Rxh6 Kc7 70. Re6 Kd7 71. Re4 Rb1 72. h4 Rg1+ 73. Kf4 Rh1 74. Kg5 Rg1+ 75. Kh6 Rf1 76.
Re3 Kd6 77. h5 Kd5 78. Kh7 Kd4 79. Re4+ Kd5 80. Re3 Kd4 81. Re7 Rxf3 82. h6 Rg3 83. Rg7 Rh3 84. Rg5 Ra3 85. Kg6 Ra6+ 86. Kh5 Ra7 87. Rg7 Ra5+ 88. Kh4 Ke5 89. Rg5+ Kf6 90. Rxa5 1-0

[Event "*** Titled Tuesday Blitz"]
[Site "Chess.com"]
[Date "2019.07.02"]
[Round "8"]
[White "Spring199"]
[Black "Caisachess"]
[Result "0-1"]
[WhiteElo "2182"]
[BlackElo "2389"]
[TimeControl "180+2"]
[EndTime "14:52:52 PDT"]
[Termination "Caisachess won by resignation"]

1. d4 Nf6 2. c4 e6 3. Nc3 Bb4 4. e3 O-O 5. Ne2 d5 6. a3 Be7 7. cxd5 exd5 8. Nf4 Re8 9. Bd3 Bd6 10. O-O c6 11. f3 Nbd7 12. e4 Qb6 13. Bc2 dxe4 14. fxe4 Be5 15. Nfe2 Bb8 16. Kh1 Nf8 17. Na4 Qc7 18.
Bf4 Qe7 19. Bxb8 Rxb8 20. e5 Ng4 21. Qd3 Qh4 22. Qg3 Qxg3 23. Nxg3 Ne3 24. Rf2 Nxc2 25. Rxc2 Ne6 26. Rd1 Rd8 27. Rcd2 g6 28. Nc3 Nf4 29. Nge4 Be6 30. Nf6+ Kg7 31. g3 Nd5 32. Ncxd5 Bxd5+ 33. Kg1 Be6 34. Kf2 Rbc8 35. Ke3 h6 36. b4 g5 37. Rf1 Kg6 38. Rdf2 a5 39. Ne4 axb4 40. axb4 Ra8 41. Rf6+ Kg7 42. Nc5 Ra3+ 43. Kd2 Rxd4+ 44.
Kc2 Ra2+ 45. Kc3 Rc4+ 46. Kd3 Bd5 47. e6 Ra3+ 48. Kd2 Bxe6 49. Nxe6+ fxe6 50. Rf7+ Kg6 51. Rxb7 Ra2+ 52. Kd3 Rcc2 53. g4 Rd2+ 54. Ke4 Re2+ 55. Kd4 Rad2+ 56. Kc5 Re4 57. h3 Rf4 58. Re1 Rc2+ 59.
Kd6 Rf6 60. Re7 Rc4 61. R7xe6 Rxb4 62. Rxf6+ Kxf6 63. Kxc6 Rb3 64. Rh1 Ke5 65. h4 Kf4 66. hxg5 hxg5 67. Kd5 Re3 68. Kd4 Rg3 69. Rf1+ Kxg4 70.
Ke4 Rg2 71. Ke3 Kg3 72. Rf8 g4 73. Rh8 Ra2 74. Rg8 Ra3+ 75. Ke2 Rb3 76. Kf1 Rb2 77. Rh8 Rb1+ 78. Ke2 Kg2 79. Rg8 g3 80. Rc8 Rf1 81. Rh8 Rf4 82. Rh7 Re4+ 83. Kd3 Re6 84. Rh8 Kg1 85.
Rh3 g2 86. Rh8 Re5 87. Kd2 Kf2 88. Rf8+ Kg3 89. Rg8+ Kf3 90. Rf8+ Kg4 91. Rg8+ Rg5 0-1

[Event "*** Titled Tuesday Blitz"]
[Site "Chess.com"]
[Date "2019.07.02"]
[Round "9"]
[White "chessking2151"]
[Black "Micki-taryan"]
[Result "0-1"]
[WhiteElo "2623"]
[BlackElo "2955"]
[TimeControl "180+2"]
[EndTime "14:53:49 PDT"]
[Termination "Micki-taryan won by resignation"]

1. e4 c5 2. Nf3 Nc6 3. d4 cxd4 4. Nxd4 e5 5. Nb5 d6 6. c4 Be7 7. N1c3 a6 8. Na3 f5 9. exf5 Bxf5 10. Bd3 Be6 11.
Nc2 Nf6 0-1

[Event "*** Titled Tuesday Blitz"]
[Site "Chess.com"]
[Date "2019.07.02"]
[Round "9"]
[White "FelixBlohberger"]
[Black "ChessWarrior7197"]
[Result "0-1"]
[WhiteElo "2543"]
[BlackElo "2823"]
[TimeControl "180+2"]
[EndTime "14:55:40 PDT"]
[Termination "ChessWarrior7197 won by checkmate"]

1. e4 c5 2. Nf3 Nc6 3. d4 cxd4 4. Nxd4 g6 5. c4 Bg7 6. Be3 Nf6 7. Nc3 d6 8. Be2 O-O 9. O-O Bd7 10. h3 Nxd4 11.
Bxd4 Bc6 12. Qc2 a5 13. Rad1 Nd7 14. Bxg7 Kxg7 15. Bg4 Nf6 16. e5 Nxg4 17. hxg4 Qd7 18. exd6 Qxg4 19. dxe7 Qxg2# 0-1

[Event "*** Titled Tuesday Blitz"]
[Site "Chess.com"]
[Date "2019.07.02"]
[Round "9"]
[White "Aleksandr_Kholin"]
[Black "pedromartinez91"]
[Result "1-0"]
[WhiteElo "2399"]
[BlackElo "2430"]
[TimeControl "180+2"]
[EndTime "14:56:16 PDT"]
[Termination "Aleksandr_Kholin won by resignation"]

1. Nf3 e6 2. e4 d5 3. Nc3 Nf6 4.
Bd3 dxe4 5. Nxe4 Nbd7 6. O-O Be7 7. c3 Nxe4 8. Bxe4 Nc5 9. Bc2 Nd3 10. Qe2 Nxc1 11. Raxc1 O-O 12. d4 c5 13. dxc5 Bxc5 14. Rcd1 Qb6 15. b4 Be7 16. Ne5 Bf6 17. Ng4 Be7 18.
a4 Rd8 19. Ne5 Rd6 20. Bxh7+ Kf8 21. Qh5 g6 22. Qh6+ Ke8 23. Qg7 Bd7 24. Qg8+ Bf8 25. Qxf7+ Kd8 26. Qxf8+ Kc7 27. Qxa8 Rxd1 28. Rxd1 Bxa4 1-0

[Event "*** Titled Tuesday Blitz"]
[Site "Chess.com"]
[Date "2019.07.02"]
[Round "9"]
[White "Vadim_Biliy"]
[Black "LarissaSteenbekkers"]
[Result "1-0"]
[WhiteElo "2229"]
[BlackElo "1976"]
[TimeControl "180+2"]
[EndTime "14:56:45 PDT"]
[Termination "Vadim_Biliy won by resignation"]

1. e4 e6 2. d4 d5 3. exd5 exd5 4.
Qe2+ Be7 5. Nc3 Nf6 6. Be3 O-O 7.
O-O-O Bf5 8. f3 c6 9. g4 Be6 10.
h4 b5 11. h5 b4 12. Na4 Qa5 13. b3 Nfd7 14. Nh3 Nb6 15. Nf4 Nxa4 16. bxa4 Qxa4 17. Kb1 Na6 18. Nxe6 fxe6 19. Bc1 Kh8 20. Qxa6 1-0

[Event "*** Titled Tuesday Blitz"]
[Site "Chess.com"]
[Date "2019.07.02"]
[Round "9"]
[White "Mikhail_Golubev"]
[Black "SalgadoChess91"]
[Result "0-1"]
[WhiteElo "2567"]
[BlackElo "2835"]
[TimeControl "180+2"]
[EndTime "14:56:46 PDT"]
[Termination "SalgadoChess91 won by resignation"]

1. e4 c5 2. Nf3 Nc6 3. Nc3 Nf6 4. Bb5 Nd4 5. e5 Nxb5 6. Nxb5 Nd5 7. Ng5 f6 8. Qf3 Nc7 9. exf6 exf6 10. Qe4+ Ne6 11. Nxh7 d5 12. Qg6+ Ke7 13. Nxf8 Kxf8 14. O-O Nf4 15.
Qf7+ Kxf7 0-1

[Event "*** Titled Tuesday Blitz"]
[Site "Chess.com"]
[Date "2019.07.02"]
[Round "9"]
[White "kosya4ok"]
[Black "IMAghasiyevKamal"]
[Result "0-1"]
[WhiteElo "2743"]
[BlackElo "2566"]
[TimeControl "180+2"]
[EndTime "14:56:49 PDT"]
[Termination "IMAghasiyevKamal won by resignation"]

1. c4 e5 2. Nc3 Nf6 3. Nf3 Nc6 4. e3 Bb4 5. Qc2 O-O 6. a3 Bxc3 7.
Qxc3 e4 8. Nd4 Ne5 9. b3 d6 10. Bb2 a6 11. f4 exf3 12. Nxf3 Re8 13. Be2 Ne4 14. Qd4 Bf5 15. O-O Bg6 16. Rad1 c5 17. Qd5 Nf6 18. Qxb7 Be4 0-1

[Event "*** Titled Tuesday Blitz"]
[Site "Chess.com"]
[Date "2019.07.02"]
[Round "9"]
[White "Aknok"]
[Black "DonPreuss"]
[Result "1-0"]
[WhiteElo "2367"]
[BlackElo "2179"]
[TimeControl "180+2"]
[EndTime "14:57:20 PDT"]
[Termination "Aknok won by resignation"]

1. d4 Nc6 2. e4 e5 3. d5 Nce7 4.
f4 exf4 5. Bxf4 Ng6 6. Bg3 Bc5 7.
Nf3 d6 8. Nbd2 N8e7 9. Nb3 Bb6 10. Qd2 O-O 11. O-O-O f5 12. Bd3 f4 13. Bf2 Bg4 14. Rdf1 Bxf3 15. gxf3 Ne5 16. Nd4 Bxd4 17. Bxd4 N7g6 18. h4 h5 19. Qf2 Qf6 20. Rfg1 Kh7 21. Rg5 c5 22. dxc6 bxc6 23. Rxh5+ Kg8 24. Bc4+ Nxc4 25. Bxf6 Rxf6 26. Rg1 Nce5 27. Rhg5 Kf7 28. h5 Rh8 29. hxg6+ Nxg6 30. Qxa7+ 1-0

[Event "*** Titled Tuesday Blitz"]
[Site "Chess.com"]
[Date "2019.07.02"]
[Round "9"]
[White "Sanan_Sjugirov"]
[Black "Hikaru"]
[Result "1/2-1/2"]
[WhiteElo "2967"]
[BlackElo "3151"]
[TimeControl "180+2"]
[EndTime "14:57:27 PDT"]
[Termination "Game drawn by agreement"]

1. d4 Nf6 2. c4 e6 3. Nf3 d5 4. Nc3 Be7 5. Bg5 h6 6. Bxf6 Bxf6 7. e3 c6 8. Rc1 dxc4 9. Bxc4 Nd7 10. O-O O-O 11.
e4 e5 12. d5 Nb6 13. Bb3 cxd5 14. Nxd5 Be6 15. Nxf6+ Qxf6 16. Qd6 Rad8 17. Qxe5 Qxe5 18.
Nxe5 Bxb3 19. axb3 Rfe8 20. Rc5 f6 21. Nc4 Rxe4 1/2-1/2

[Event "*** Titled Tuesday Blitz"]
[Site "Chess.com"]
[Date "2019.07.02"]
[Round "9"]
[White "zurzan"]
[Black "WilliamSchill"]
[Result "0-1"]
[WhiteElo "1929"]
[BlackElo "1974"]
[TimeControl "180+2"]
[EndTime "14:57:34 PDT"]
[Termination "WilliamSchill won by checkmate"]

1. e4 e5 2. Nf3 Nc6 3. d4 exd4 4. Bc4 Bc5 5. O-O d6 6. c3 Bg4 7. Qb3 Bxf3 8. Bxf7+ Kf8 9. Bxg8 Rxg8 10. gxf3 g5 11. Qe6 Rg6 12. Qg4 Ne5 13. Qg2 Qf6 14. cxd4 Bxd4 15.
Nc3 Bxc3 16. bxc3 Nxf3+ 17. Kh1 Rh6 18. h3 Rh4 19. Be3 g4 20. Bd4 Qh6 21. Be3 Rxh3+ 22.
Qxh3 Qxh3# 0-1

[Event "*** Titled Tuesday Blitz"]
[Site "Chess.com"]
[Date "2019.07.02"]
[Round "9"]
[White "Nightlord1"]
[Black "FairChess_on_YouTube"]
[Result "1-0"]
[WhiteElo "2193"]
[BlackElo "3011"]
[TimeControl "180+2"]
[EndTime "14:57:35 PDT"]
[Termination "Nightlord1 won by resignation"]

1. e4 b6 2. d4 Bb7 3. Bd3 Nc6 4. c3 e5 5. Nf3 Qf6 6. O-O h6 7.
Be3 Nge7 8. Nbd2 Ng6 9. Nc4 Be7 10. g3 O-O 11. h4 b5 12. Ncd2 b4 13. d5 Nd8 14. h5 Nh8 15. Nc4 bxc3 16. Nfxe5 cxb2 17. Rb1 Bc8 18. Ng4 Qc3 19. Rxb2 d6 20. Nh2 f5 21. e5 f4 22. gxf4 dxe5 23. fxe5 Bf5 24. Rb3 1-0

[Event "*** Titled Tuesday Blitz"]
[Site "Chess.com"]
[Date "2019.07.02"]
[Round "9"]
[White "CMS13"]
[Black "pr1105"]
[Result "1-0"]
[WhiteElo "2020"]
[BlackElo "2190"]
[TimeControl "180+2"]
[EndTime "14:57:45 PDT"]
[Termination "CMS13 won by resignation"]

1. e4 e5 2. Bc4 Nf6 3. Nc3 Nc6 4. d3 Bc5 5. f4 O-O 6. Nf3 d6 7. Na4 Bg4 8. Nxc5 dxc5 9. O-O Bxf3 10. Qxf3 Nd4 11.
Qf2 Qd6 12. c3 Nc6 13. Be3 b6 14. fxe5 Nxe5 15. Bf4 Qe7 16. Bg5 Nxc4 17. dxc4 Qxe4 18. Bxf6 gxf6 19. Qxf6 Rae8 20. Rf5 Qe3+ 21. Kh1 Re6 22.
Rg5+ Qxg5 23. Qxg5+ Rg6 24. Qf4 1-0

[Event "*** Titled Tuesday Blitz"]
[Site "Chess.com"]
[Date "2019.07.02"]
[Round "9"]
[White "TheCavemanChesss"]
[Black "ozates"]
[Result "1-0"]
[WhiteElo "2437"]
[BlackElo "2327"]
[TimeControl "180+2"]
[EndTime "14:57:52 PDT"]
[Termination "TheCavemanChesss won by resignation"]

1. e4 c5 2. Nf3 Nc6 3. d4 cxd4 4. Nxd4 e5 5. Nb5 d6 6. N1c3 a6 7. Na3 b5 8. Nd5 Nge7 9. Bd3 Nxd5 10. exd5 Ne7 11.
c4 g6 12. cxb5 Bg7 13. bxa6 O-O 14. O-O f5 15. Nc4 e4 16. Be2 Bxa6 17. Bf4 Bxc4 18.
Bxc4 Bxb2 19. Rb1 Bf6 20. Qd2 Nc8 21. Rfc1 Nb6 22. Bb5 Na4 23. Bc6 Ra7 24. Be3 Ra5 25. Rb7 Nc5 26. Bxc5 Rxc5 27. Rxc5 dxc5 28. d6 Bd4 29.
Bd5+ Kh8 30. Qh6 Bxf2+ 31. Kh1 1-0

[Event "*** Titled Tuesday Blitz"]
[Site "Chess.com"]
[Date "2019.07.02"]
[Round "9"]
[White "vugarrasulov"]
[Black "ecwinslow"]
[Result "1-0"]
[WhiteElo "2754"]
[BlackElo "1961"]
[TimeControl "180+2"]
[EndTime "14:58:03 PDT"]
[Termination "vugarrasulov won by resignation"]

1. e4 c5 2. Nc3 d6 3. f4 g6 4. Nf3 Nc6 5. Bc4 Bg7 6. O-O e6 7. f5 exf5 8. d3 h6 9. Qe1 Nge7 10. Qh4 Ne5 11. Nxe5 dxe5 12. Kh1 f4 13. Bxf4 exf4 14. Qxf4 O-O 15. Bxf7+ Kh7 16. e5 Be6 17. Ne4 Rxf7 18. Qh4 Nf5 19. Qf2 Bxe5 20. Qxc5 Bd4 21. Qb4 Bd5 22.
c3 Bxe4 23. dxe4 Bb6 24. exf5 gxf5 25. Rad1 Qg5 26. a4 Rg8 27. g3 Qe3 28. a5 Qe4+ 29.
Qxe4 1-0

[Event "*** Titled Tuesday Blitz"]
[Site "Chess.com"]
[Date "2019.07.02"]
[Round "9"]
[White "Barrelius"]
[Black "eldur16"]
[Result "0-1"]
[WhiteElo "2613"]
[BlackElo "2596"]
[TimeControl "180+2"]
[EndTime "14:58:23 PDT"]
[Termination "eldur16 won by resignation"]

1. Nf3 Nf6 2. c4 g6 3. Nc3 Bg7 4. e4 d6 5. d4 O-O 6. Be2 e5 7. Be3 c6 8. d5 Ng4 9. Bg5 f6 10. Bd2 Na6 11. Qc1 f5 12. exf5 gxf5 13. h3 Nf6 14. g3 Nc5 15. Nh4 cxd5 16. cxd5 Bd7 17. O-O Rc8 18. Qb1 Nfe4 19. Nxe4 Nxe4 20. Be3 Ng5 21.
Kh2 f4 22. Bxa7 Ra8 0-1

[Event "*** Titled Tuesday Blitz"]
[Site "Chess.com"]
[Date "2019.07.02"]
[Round "9"]
[White "Alopekos"]
[Black "Supernotar"]
[Result "1-0"]
[WhiteElo "2484"]
[BlackElo "2583"]
[TimeControl "180+2"]
[EndTime "14:58:25 PDT"]
[Termination "Alopekos won by resignation"]

1. e4 c6 2. d4 d5 3. Nd2 dxe4 4. Nxe4 Bf5 5. Ng3 Bg6 6. h4 h6 7. Nf3 Nd7 8. h5 Bh7 9. Bd3 Bxd3 10. Qxd3 e6 11.
Bd2 Ngf6 12. O-O-O Be7 13. Kb1 O-O 14. Qe2 c5 15. d5 Nxd5 16. Ne4 Qc7 17. g4 Nf4 18. Bxf4 Qxf4 19. Rxd7 Rae8 20. Qe3 Qxe3 21. fxe3 f5 22. gxf5 exf5 23. Nc3 Bd8 24. Nd5 Rf7 25. Rxf7 Kxf7 26. c4 Re4 27. b3 Ba5 28. Kc2 a6 29. Kd3 b5 30. Nh4 Ke6 31. Nf4+ Kf6 32. Rg1 bxc4+ 33.
bxc4 Re8 34. Rg6+ Kf7 35. Nxf5 1-0

[Event "*** Titled Tuesday Blitz"]
[Site "Chess.com"]
[Date "2019.07.02"]
[Round "9"]
[White "INLOVEWITHF"]
[Black "EndgameGrinder"]
[Result "0-1"]
[WhiteElo "2402"]
[BlackElo "2575"]
[TimeControl "180+2"]
[EndTime "14:58:39 PDT"]
[Termination "EndgameGrinder won by resignation"]

1. Nf3 c5 2. e4 e6 3. d4 cxd4 4. Nxd4 Nc6 5. Nc3 Qc7 6. Be3 a6 7. Qf3 d6 8. O-O-O Bd7 9. Nxc6 Bxc6 10. Qg3 Rc8 11. f3 Nf6 12. Kb1 b5 13. a3 Qb7 14.
Bf4 Nh5 15. Qg4 Nxf4 16. Qxf4 a5 17. Qg5 h6 18. Qe3 b4 19. Ne2 bxa3 20. Qxa3 d5 21. Qxa5 dxe4 22. Nd4 Bb4 23. Qe5 O-O 24. Nxc6 Rxc6 25. Qxe4 Bc3 26. b3 Ra8 27. Rd8+ Rxd8 28.
Bb5 0-1

[Event "*** Titled Tuesday Blitz"]
[Site "Chess.com"]
[Date "2019.07.02"]
[Round "9"]
[White "King_of_the_wing"]
[Black "PNEPaul"]
[Result "1-0"]
[WhiteElo "2145"]
[BlackElo "1827"]
[TimeControl "180+2"]
[EndTime "14:58:39 PDT"]
[Termination "King_of_the_wing won by resignation"]

1. e4 e5 2. Nf3 Nc6 3. c3 Be7 4. d4 exd4 5. cxd4 d6 6. Nc3 Bg4 7. Be2 Nf6 8. O-O O-O 9. Be3 d5 10. e5 Ne4 11. Qb3 Nxc3 12. bxc3 b6 13. Rfe1 h6 14.
Qa4 Na5 15. Nd2 Bxe2 16. Rxe2 Qe8 17. Qc2 Qc6 18. f4 Nc4 19. Nxc4 Qxc4 20. f5 Bg5 21.
Bxg5 hxg5 22. f6 c5 23. Qd2 cxd4 24. Qxg5 g6 25. Qh6 1-0

[Event "*** Titled Tuesday Blitz"]
[Site "Chess.com"]
[Date "2019.07.02"]
[Round "9"]
[White "Yoshkinkot"]
[Black "Alex_Molchanov"]
[Result "1-0"]
[WhiteElo "2551"]
[BlackElo "2560"]
[TimeControl "180+2"]
[EndTime "14:59:04 PDT"]
[Termination "Yoshkinkot won by resignation"]

1. e4 c6 2. d4 d5 3. Nd2 dxe4 4.
Nxe4 Bf5 5. Ng3 Bg6 6. h4 h6 7. Nf3 Nd7 8. h5 Bh7 9. Bd3 Bxd3 10. Qxd3 e6 11. Bd2 Ngf6 12. O-O-O Be7 13. Kb1 Qb6 14.
Ne4 Rd8 15. Qe2 c5 16. Nxf6+ Nxf6 17. dxc5 Bxc5 18. Bc3 O-O 19. Bxf6 gxf6 20. Nd2 Bxf2 21. Nc4 Qc5 22. Rdf1 Bd4 23. c3 Be5 24. Rh4 Kh8 25. Re4 Qd5 26. Nxe5 fxe5 27. Rxe5 Qd3+ 28. Qxd3 Rxd3 29.
Rxe6 Rd2 30. Re7 Rg8 31. Rfxf7 Rgxg2 32. Rf8+ Rg8 33. Rxg8+ Kxg8 34. Rxb7 Rd5 35. Rxa7 Rxh5 36. a4 Rh1+ 37. Ka2 h5 38. a5 h4 39. a6 h3 40.
Ra8+ Kg7 41. a7 h2 42. Rh8 1-0